Map: Ephemeron LE

Players

IIIIIIIIIII

  • Race: Zerg Zerg
  • Spawn Location: 5:00

ViBE - Winner!

  • Race: Terran Terran
  • League: Platinum
  • Spawn Location: 11:00

VOD

Have the link to the VOD?

Description

Time

  • Played on: Dec. 13, 2019, 8:45 p.m.
  • Length: 7:13
Show
View Real Time Build Order
Export as new Build Order

IIIIIIIIIII Zerg 

Build Orders: Hatch First 

Get SALT Encoding   

  12  0:01  Drone  
  13  0:08  Drone  
  14  0:18  Overlord  
  14  0:37  Drone x3  
  17  0:53  Hatchery  
  17  0:56  Drone  
  17  0:59  Extractor  
  17  1:01  Drone  
  17  1:16  Spawning Pool  
  16  1:19  Drone  
  16  1:23  Drone  
  18  1:32  Drone  
  19  1:42  Drone  
  20  1:54  Overlord  
  20  2:08  Queen  
  20  2:09  Queen  
  20  2:11  Zergling x4  
  20  2:13  Metabolic Boost  
  26  2:21  Zergling x2  
  27  2:23  Drone  
  28  2:40  Hatchery  
  27  2:57  Roach Warren  
  26  3:01  Zergling x2  
  26  3:04  Queen  
  29  3:07  Drone x2  
  29  3:12  Extractor  
  30  3:22  Overlord  
  31  3:41  Drone x3  
  31  3:42  Drone  
  34  3:57  Overlord  
  34  3:58  Roach  
  34  3:59  Roach x3  
  41  4:07  Roach x2  
  45  4:11  Overlord  
  45  4:18  Roach  
  45  4:20  Roach  
  49  4:34  Roach  
  49  4:35  Roach x2  
  49  4:36  Zergling x2  
  56  4:40  Zergling x2  
  56  4:43  Ravager  
  56  4:44  Ravager  
  59  4:46  Ravager  
  59  4:47  Ravager  
  61  5:00  Overlord x2  
  61  5:02  Zergling x2  
  62  5:10  Roach  
  62  5:24  Ravager  
  62  5:25  Ravager  
  64  5:30  Zergling x14  
  71  5:39  Overlord  
  71  5:41  Roach  
  71  5:42  Roach  
  68  5:51  Roach  
  68  5:52  Roach  
  68  5:53  Ravager  
  68  5:56  Zergling x2  
  70  6:06  Roach  
  70  6:07  Roach  
  70  6:11  Zergling x4  
  67  6:26  Roach  
  67  6:27  Roach x3  
  75  6:35  Zergling x2  
  75  6:36  Zergling x4  
  67  6:40  Ravager  
  67  6:41  Zergling x2  
  67  6:42  Zergling x2  
  67  6:46  Ravager  
Show
View Real Time Build Order
Export as new Build Order

ViBE Terran - Winner!

Build Orders: 2 Factory, Reaper Expand, Mech 

Get SALT Encoding   

  12  0:00  SCV  
  13  0:13  SCV  
  14  0:18  Supply Depot  
  14  0:25  SCV  
  15  0:39  SCV  
  15  0:42  Barracks  
  16  0:46  Refinery  
  16  0:52  SCV  
  17  1:06  SCV  
  18  1:30  Orbital Command  
  18  1:32  Reaper  
  19  1:40  Command Center  
  19  1:54  Supply Depot  
  19  2:02  SCV  
  20  2:13  Factory  
  20  2:14  SCV  
  21  2:25  Barracks Reactor  
  21  2:26  SCV  
  22  2:38  SCV  
  23  2:46  Refinery  
  23  2:50  SCV  
  24  2:52  Orbital Command  
  24  3:02  SCV  
  25  3:05  Factory  
  25  3:13  Barracks Tech Lab  
  25  3:14  SCV  
  25  3:15  Hellion x2  
  25  3:18  SCV  
  31  3:23  Supply Depot  
  31  3:27  SCV  
  32  3:30  SCV  
  33  3:37  Hellion x2  
  33  3:39  SCV  
  38  3:42  SCV  
  39  3:50  Supply Depot  
  39  3:51  SCV  
  39  3:54  SCV  
  40  3:57  Siege Tank  
  40  4:00  Hellion x2  
  47  4:03  SCV  
  47  4:06  SCV  
  49  4:15  SCV, Supply Depot  
  50  4:18  SCV  
  50  4:20  Command Center  
  51  4:27  SCV  
  51  4:29  Siege Tank  
  51  4:30  SCV  
  56  4:39  SCV  
  56  4:40  Supply Depot  
  56  4:42  SCV  
  56  4:44  Refinery x2  
  58  4:51  SCV  
  59  4:53  Armory  
  59  4:55  Engineering Bay  
  59  5:00  Hellion  
  59  5:01  Siege Tank  
  59  5:03  Supply Depot  
  62  5:13  SCV  
  62  5:14  SCV, Factory  
  64  5:23  Hellion x2  
  64  5:28  Supply Depot x3  
  68  5:34  Orbital Command  
  65  5:52  Siege Tank  
  65  5:53  Hellion x2  
  65  5:55  SCV x2  
  74  6:00  Factory Tech Lab  
  74  6:02  SCV  
  75  6:07  SCV  
  73  6:14  SCV x2  
  73  6:18  Factory  
  75  6:19  SCV  
  75  6:22  Siege Tank  
  75  6:23  Hellbat  
  75  6:24  Siege Tank  
  68  6:44  Hellbat x2  
  68  6:53  SCV x2  
  68  6:54  SCV  
  72  7:05  Factory Tech Lab  
Tags
 
Add a new tag
Caveats
  • Supply blocks, unpowered buildings, or Contaminate may cause inaccurate times.
  • Supply counts are checked every 10 seconds.